 Dungeon Crawl Stone Soup version 0.22-a0-803-gd6d8abe (console) character file.

1904 removed the Skirmisher (level 8, -5/68 HPs)
             Began as a Demonspawn Wanderer on July 22, 2018.
             Was a Believer of Okawaru.
             Slain by an orc warrior
             ... wielding a +0 scimitar
              (10 damage)
             ... on level 7 of the Dungeon.
             The game lasted 00:16:49 (7158 turns).

removed the Skirmisher (Demonspawn Wanderer)        Turns: 7158, Time: 00:16:50

Health: -5/68      AC: 18    Str: 13    XL:     8   Next: 94%
Magic:  0/11       EV:  9    Int: 14    God:    Okawaru [**....]
Gold:   382        SH:  0    Dex: 14    Spells: 7/7 levels left

rFire    . . .     SeeInvis +   b - +0 halberd
rCold    . . .     Gourm    .   (shield currently unavailable)
rNeg     + . .     Faith    .   c - +2 scale mail
rPois    .         Spirit   +   C - +1 helmet
rElec    .         Reflect  .   h - +0 cloak
rCorr    .         Harm     .   v - +0 pair of gloves
MR       .....                  T - +0 pair of boots
Stlth    +.........             (no amulet)
HPRegen  0.21/turn              t - ring of see invisible
MPRegen  0.12/turn              y - ring of positive energy

@: no status effects
A: hooves 2, icy blue scales 1, magic shield
a: Heroism, Renounce Religion


You were on level 7 of the Dungeon.
You worshipped Okawaru.
Okawaru was pleased with you.
You were not hungry.

You visited 1 branch of the dungeon, and saw 7 of its levels.

You collected 382 gold pieces.

Inventory:

Hand Weapons
 a - a +0 hand crossbow
 b - a +0 halberd (weapon)
 j - a +0 dagger
 k - a +0 whip
 A - a +0 whip of flaming
 S - a +2 quarterstaff of chaos
Missiles
 d - 55 bolts
 s - 8 javelins (quivered)
Armour
 c - a +2 scale mail (worn)
 h - a +0 cloak (worn)
 p - a +0 pair of gloves
 v - a +0 pair of gloves (worn)
 C - a +1 helmet (worn)
 K - a +0 buckler
 T - a +0 pair of boots (worn)
Jewellery
 t - a ring of see invisible (left hand)
 y - a ring of positive energy (right hand)
 D - an uncursed ring of flight
Wands
 P - a wand of clouds (4)
 R - a wand of polymorph (10)
Scrolls
 i - a scroll of amnesia {unknown}
 l - 4 scrolls of identify {unknown}
 n - 6 scrolls of remove curse
 o - 4 scrolls of teleportation {unknown}
 r - a scroll of blinking {unknown}
 w - 2 scrolls of enchant armour {unknown}
 E - a scroll of random uselessness {unknown}
 G - a scroll of immolation {unknown}
 I - a scroll of fear {unknown}
 J - a scroll of magic mapping {unknown}
 U - a scroll of fog {unknown}
Potions
 e - 3 potions of curing
 m - a potion of haste {unknown}
 B - a potion of mutation {unknown}
 M - a potion of berserk rage {unknown}
 N - a potion of resistance {unknown}
Comestibles
 f - 16 rations
 V - 3 chunks of flesh


   Skills:
 + Level 7.8 Fighting
 - Level 1.7 Crossbows
 - Level 7.1 Armour
 - Level 1.0 Dodging
 - Level 2.6 Stealth
 - Level 0.8 Shields
 - Level 5.0 Invocations
 - Level 1.0 Evocations


You had 7 spell levels left.
You didn't know any spells.
Your spell library contained the following spells:

 Spells                   Type           Power        Failure   Level  Hunger
 Apportation              Tloc           #.....       73%         1    ##.....
 Summon Small Mammal      Summ           #...         73%         1    ##.....
 Animate Skeleton         Necr           N/A          73%         1    ##.....
 Confusing Touch          Hex            #.....       73%         1    ##.....


Dungeon Overview and Level Annotations

Branches:
Dungeon (7/15)             Temple (0/1) D:7

Altars:
Cheibriados
Gozag
Okawaru
Ru
Sif Muna
Yredelemnul

Shops:
D:4 =


Innate Abilities, Weirdness & Mutations

You have hoof-like feet.
You are partially covered in icy blue scales. (AC +2)
When hurt, damage is shared between your health and your magic reserves.


Message History

The orc warrior hits you but does no damage.
You hit the orc warrior.
The orc warrior is severely wounded.
The orc warrior hits you with a scimitar!
* * * LOW HITPOINT WARNING * * *
Press: ? - help, v - describe, . - travel, g - get item
Here: an orc warrior, wielding a scimitar and wearing a runed chain mail (severely wounded)
A hippogriff corpse.
The floor, spattered with blood.
Evoke which item? (* to show all) (? for menu, Esc to quit)
Aiming: Cloud Cone
Press: ? - help, Dir - move target cursor, f - orc warrior
Aim: an orc warrior, wielding a scimitar and wearing a runed chain mail (severely wounded)
You create a blast of noxious fumes!
The orc is engulfed in noxious fumes.
The orc appears confused.
The orc is engulfed in noxious fumes.
The orc appears confused.
The orc is engulfed in noxious fumes.
The orc appears confused.
The orc barely misses the orc warrior.
The orc is engulfed in noxious fumes.
The orc appears confused.
The orc warrior hits you with a scimitar!
You die...

.....###.#######.. #..
##+#####'##...#..######
#######..
.............#.......#
.).......
.............#.......#
.........
.............#§§o§...#
.......>.
.............#§§§....#
.........
.............#oo§....#
.........
.##..###...####o# ####
######'# #..
#...####@##...## #......
#.. #....#..........
#...... #.
#....#.......... #......
#. #....#..........
#...... #....#..........
#...... #....#..........
#...... #....'..........
#...... #....#..........
#......
###################......


You could see an orc warrior and 3 orcs.

Vanquished Creatures
  A troll (D:7)
  A hippogriff (D:7)
  An ice beast (D:5)
  A centaur (D:7)
  2 big kobolds (D:6)
  4 bullfrogs
  3 scorpions
  A howler monkey (D:4)
  A crimson imp (D:7)
  A centaur zombie (D:6)
  2 jellies (D:5)
  A bullfrog skeleton (D:5)
  2 gnoll shamans
  Crazy Yiuf (D:6)
  3 hounds
  2 orc wizards (D:5)
  2 iguanas (D:4)
  A worker ant (D:4)
  13 gnolls
  6 adders
  3 oozes
  4 worms
  3 leopard geckos
  13 orcs
  5 giant cockroaches
  4 goblins
  8 hobgoblins
  6 jackals
  12 kobolds
  A quokka (D:3)
  2 ball pythons (D:1)
  8 bats
  4 frilled lizards
  8 rats
130 creatures vanquished.

Notes
Turn   | Place    | Note
-------+----------+-------------------------------------------
     0 | D:1      | removed the Demonspawn Wanderer began the quest for the Orb.
     0 | D:1      | removed set off with: a +2 scale mail, a potion of curing, a +0 hand crossbow, 20 bolts, a +0 dagger, a ration
     0 | D:1      | Reached XP level 1. HP: 15/15 MP: 1/1
   225 | D:1      | Gained mutation: You have large cloven feet. [demonic ancestry]
   225 | D:1      | Reached XP level 2. HP: 23/23 MP: 2/2
   480 | D:1      | Reached XP level 3. HP: 28/28 MP: 3/3
  1622 | D:2      | Reached XP level 4. HP: 33/34 MP: 4/4
  1794 | D:2      | Found a deep blue altar of Sif Muna.
  2440 | D:3      | Gained mutation: When hurt, damage is shared between your health and your magic reserves. [demonic ancestry]
  2440 | D:3      | Reached XP level 5. HP: 42/42 MP: 5/5
  2938 | D:4      | Found Yluifoh's Jewellery Shoppe.
  3003 | D:4      | Reached skill level 5 in Fighting
  3058 | D:4      | Gained mutation: You have hoof-like feet. [demonic ancestry]
  3058 | D:4      | Reached XP level 6. HP: 51/51 MP: 6/6
  3804 | D:4      | Found an opulent altar of Gozag.
  3806 | D:4      | Found an iron altar of Okawaru.
  3832 | D:4      | Became a worshipper of Warmaster Okawaru
  3999 | D:4      | Found a sacrificial altar of Ru.
  4228 | D:4      | Reached skill level 5 in Armour
  4511 | D:5      | Entered Level 5 of the Dungeon
  4578 | D:5      | Found a basalt altar of Yredelemnul.
  4613 | D:5      | Reached XP level 7. HP: 53/56 MP: 5/7
  5169 | D:5      | Reached * piety under Okawaru
  5588 | D:6      | Gained mutation: You are partially covered in icy blue scales. (AC +2) [demonic ancestry]
  5588 | D:6      | Reached XP level 8. HP: 43/65 MP: 8/11
  5605 | D:6      | Reached skill level 5 in Invocations
  5995 | D:6      | Found a runed door.
  6043 | D:6      | Found a snail-covered altar of Cheibriados.
  6234 | D:6      | Noticed Crazy Yiuf
  6245 | D:6      | Killed Crazy Yiuf
  6426 | D:7      | Found a staircase to the Ecumenical Temple.
  6465 | D:7      | Noticed a troll
  6469 | D:7      | Killed a troll
  6469 | D:7      | Reached ** piety under Okawaru
  7124 | D:7      | Noticed a hippogriff
  7140 | D:7      | Killed a hippogriff
  7158 | D:7      | Slain by an orc warrior

Vault maps used:
D:1:      dpeg_arrival_round_a
D:2:      lemuel_blue_sif_altar
D:3:      corexii_leaking_fountain
D:4:      marbit_many_paths, grunt_temple_overflow_open, serial_shops,
          shop_statue
D:5:      yredelemnul_altar_generic, first_ration, kennysheep_path_1
D:6:      lemuel_doored_altar, minmay_unpleasant_kobolds,
          uniq_crazy_yiuf_cottage
D:7:      minmay_temple_entry_hall

Skill      XL: |  1  2  3  4  5  6  7  8 |
---------------+-------------------------+-----
Fighting       | 2 4 5 6 7 |  7.8
Armour         | 2 3 5 7 |  7.1
Invocations    | 4 5 |  5.0
Crossbows      | |  1.7
Dodging        | |  1.0
Stealth        | |  2.6
Shields        | |  0.8
Evocations     | |  1.0

Action                   |  1- 3 |  4- 6 |  7- 9 || total
-------------------------+-------+-------+-------++-------
Melee: Dagger            |    19 |       |       ||    19
       Halberd           |   118 |   206 |   208 ||   532
       Kick              |    16 |    38 |    33 ||    87
 Fire: Hand crossbow     |    24 |    21 |       ||    45
Throw: Javelin           |       |       |     6 ||     6
Invok: Heroism           |       |       |     1 ||     1
Evoke: Wand              |       |       |     3 ||     3
  Use: Scroll            |       |       |     1 ||     1
  Eat: Chunk             |     2 |    10 |     6 ||    18
       Ration            |       |       |     1 ||     1
Armor: Scale mail        |   107 |   110 |   151 ||   368
Dodge: Dodged            |    81 |    93 |   130 ||   304

Table legend:
 A = Spawn XP
 B = Non-spawn XP
 C = Spawn XP percentage of total XP
 D = Spawn monster count
 E = Non-spawn monster count
 F = Spawn count percentage of total count
 G = Total turns spent on level
                    A         B        C        D         E        F      G
               +---------+---------+-------+---------+---------+-------+---------
         Total |       0 |    2721 |   0.0 |       0 |     130 |   0.0 |  7158
               +---------+---------+-------+---------+---------+-------+---------
           D:1 |       0 |      63 |   0.0 |       0 |      24 |   0.0 |  1081
           D:2 |       0 |      35 |   0.0 |       0 |      14 |   0.0 |   748
           D:3 |       0 |     226 |   0.0 |       0 |      33 |   0.0 |  1193
           D:4 |       0 |     388 |   0.0 |       0 |      15 |   0.0 |  1489
           D:5 |       0 |     464 |   0.0 |       0 |      16 |   0.0 |   952
           D:6 |       0 |     548 |   0.0 |       0 |      15 |   0.0 |  1056
           D:7 |       0 |     997 |   0.0 |       0 |      13 |   0.0 |   639
               +---------+---------+-------+---------+---------+-------+---------
